 Dungeon Sprint DCSS version bcrawl-1.19.1 (webtiles) character file.

Game seed: 353089119388072876

329 Freyura the Cudgeler (level 6, 0/42 HPs)
             Began as a Gargoyle Fighter on Dec 8, 2019.
             Was an Initiate of Makhleb.
             Slain by a cyan ugly thing (5 damage)
             ... in the Dungeon (Sprint IX: "|||||||||||||||||||||||||||||").
             The game lasted 00:02:39 (253 turns).

Freyura the Cudgeler (Gargoyle Fighter)              Turns: 253, Time: 00:02:39

Health: 0/42       AC: 15    Str: 20    XL:     6   Next: 51%
Magic:  5/8        EV: 10    Int:  8    God:    Makhleb [......]
Gold:   0          SH: 10    Dex: 11    Spells: 5/5 levels left

rFire    . . .     SeeInvis .   o - +2 morningstar (crush)
rCold    . . .     Gourm    .   c - +0 shield
rNeg     + . .     Faith    .   q - +1 scale mail
rPois    ∞         Spirit   .   p - +0 helmet
rElec    +         Reflect  .   a - +0 cloak
rCorr    .         Harm     .   (no gloves)
MR       .....     NoTele   +   (no boots)
Stlth    ..........             (no amulet)
HPRegen  0.14/turn              (no ring)
MPRegen  0.11/turn              (no ring)

@: no status effects
A: negative energy resistance 1, electricity resistance, unbreathing,
petrification resistance, rot immunity, AC +4
a: Renounce Religion


You were in the Dungeon.
You worshipped Makhleb.
Makhleb was noncommittal.
You were not hungry.

You visited 1 branch

Inventory:

Hand Weapons
 o - a +2 morningstar of crushing (weapon)
Armour
 a - a +0 cloak (worn)
 c - a +0 shield (worn)
 p - a +0 helmet (worn)
 q - a +1 scale mail (worn)
Jewellery
 b - a +3 ring of intelligence
 r - a +3 ring of intelligence
Wands
 n - a wand of iceblast (10)
Scrolls
 k - 2 scrolls of blinking
 l - 3 scrolls of remove curse
 m - 2 scrolls of amnesia
Potions
 d - a potion of invisibility
 e - 5 potions of curing
 g - a potion of heal wounds
 h - a potion of haste
 i - 4 potions of magic
 j - a potion of berserk rage
Comestibles
 f - a ration {!d}


   Skills:
 + Level 6.5 Fighting
 * Level 7.7 Maces & Flails
 + Level 6.5 Armour
 + Level 4.0 Dodging
 + Level 6.7 Shields
 + Level 3.6 Invocations


You had 5 spell levels left.
You didn't know any spells.
Your spell library was empty.

Dungeon Overview and Level Annotations

Branches:
Dungeon (1/1)

Altars:
Cheibriados
Dithmenos
Elyvilon
Fedhas
Gozag
Hepliaklqana
Kikubaaqudgha
Lugonu
Makhleb
Nemelex Xobeh
Okawaru
Qazlal
Ru
Sif Muna
Trog
Uskayaw
Vehumet
Wu Jian
Xom
Yredelemnul
Zin
The Shining One
Beogh
Jiyva


Innate Abilities, Weirdness & Mutations

You are resistant to torment.
Your stone body is resilient. (AC +4)
You are immune to poison.
You resist negative energy. (rN+)
You are resistant to electric shocks. (rElec)
You can survive without breathing.
You are immune to petrification.
You are immune to rotting.


Message History

The cyan ugly thing tentacle-slaps you. The cyan ugly thing shocks you.
You resist.
You puncture the cyan ugly thing!
The cyan ugly thing is moderately wounded.
You block the cyan ugly thing's attack.
You puncture the cyan ugly thing!
The cyan ugly thing is heavily wounded.
You block the cyan ugly thing's attack.
You bludgeon the cyan ugly thing!!
The cyan ugly thing is almost dead.
The cyan ugly thing tentacle-slaps you!
* * * LOW HITPOINT WARNING * * *
The cyan ugly thing shocks you. You resist.
* * * LOW HITPOINT WARNING * * *
You barely miss the cyan ugly thing.
The cyan ugly thing is almost dead.
The cyan ugly thing tentacle-slaps you.
* * * LOW HITPOINT WARNING * * *
The cyan ugly thing shocks you. You resist.
You die... ▓▓▓▓▓▓▓▓▓▓▓▓▓▓▓▓▓▓▓▓▓▓▓▓ _______'..|)..[.@uToZZ.. ▓▓▓▓▓▓▓▓▓▓▓▓▓▓▓▓▓▓▓▓▓▓▓▓

You could see a cyan ugly thing, a troll, an orc, a bat skeleton and a ball python skeleton.

Vanquished Creatures
  A troll (D)
  A phantom (D)
  An adder (D)
  A worm (D)
  2 leopard geckos (D)
  3 hobgoblins (D)
  A frilled lizard (D)
  A jackal zombie (D)
11 creatures vanquished.

Notes
Turn   | Place    | Note
-------+----------+-------------------------------------------
     0 | D        | Freyura the Gargoyle Fighter began the quest for the Orb.
     0 | D        | Reached XP level 1. HP: 14/14 MP: 1/1
    17 | D        | Reached XP level 2. HP: 14/20 MP: 2/2
    21 | D        | Reached skill level 3 in Maces & Flails
    21 | D        | Reached skill level 1 in Dodging
    97 | D        | Noticed a phantom
   114 | D        | Reached XP level 3. HP: 17/24 MP: 3/3
   126 | D        | Killed a phantom
   126 | D        | Reached skill level 5 in Fighting
   126 | D        | Reached skill level 5 in Maces & Flails
   126 | D        | Reached skill level 5 in Armour
   126 | D        | Reached skill level 5 in Shields
   126 | D        | Reached XP level 4. HP: 24/31 MP: 4/4
   129 | D        | Found a roughly hewn altar of Beogh.
   129 | D        | Found a snail-covered altar of Cheibriados.
   129 | D        | Found a shadowy altar of Dithmenos.
   129 | D        | Found a white marble altar of Elyvilon.
   129 | D        | Found a blossoming altar of Fedhas.
   129 | D        | Found an opulent altar of Gozag.
   130 | D        | Found a hazy altar of Hepliaklqana.
   131 | D        | Found a viscous altar of Jiyva.
   132 | D        | Found an ancient bone altar of Kikubaaqudgha.
   176 | D        | Found a corrupted altar of Lugonu.
   177 | D        | Found a burning altar of Makhleb.
   178 | D        | Found a sparkling altar of Nemelex Xobeh.
   179 | D        | Found an iron altar of Okawaru.
   180 | D        | Found a stormy altar of Qazlal.
   181 | D        | Found a sacrificial altar of Ru.
   182 | D        | Found a shimmering blue altar of Sif Muna.
   183 | D        | Found a bloodstained altar of Trog.
   184 | D        | Found a hide-covered altar of Uskayaw.
   185 | D        | Became a worshipper of Makhleb the Destroyer
   186 | D        | Found a radiant altar of Vehumet.
   187 | D        | Found an ornate altar of the Wu Jian Council.
   188 | D        | Found a shimmering altar of Xom.
   189 | D        | Found a basalt altar of Yredelemnul.
   190 | D        | Found a glowing silver altar of Zin.
   191 | D        | Found a glowing golden altar of the Shining One.
   242 | D        | Noticed a troll
   242 | D        | Noticed a cyan ugly thing
   242 | D        | Noticed a troll
   246 | D        | Killed a troll
   246 | D        | Reached skill level 7 in Maces & Flails
   246 | D        | Reached XP level 5. HP: 14/37 MP: 4/7
   246 | D        | Reached XP level 6. HP: 16/42 MP: 4/8
   253 | D        | Slain by a cyan ugly thing

Skill      XL: |  1  2  3  4 |
---------------+-------------+-----
Maces & Flails | 3 5 7 |  7.7
Dodging        | 1 2 4 |  4.0
Fighting       | 4 5 6 |  6.5
Armour         | 4 5 6 |  6.5
Shields        | 4 5 6 |  6.7
Invocations    | 3 |  3.6

Action                   |  1- 3 |  4- 6 || total
-------------------------+-------+-------++-------
Melee: Flail             |    37 |       ||    37
       Morningstar       |       |    10 ||    10
  Use: Potion            |     2 |     1 ||     3
Armor: Scale mail        |    13 |     2 ||    15
Dodge: Dodged            |    12 |     3 ||    15
Block: Shield            |    13 |     6 ||    19
